 Dungeon Crawl Stone Soup version 0.19.0 (webtiles) character file.

168 PrincessPwny the Chopper (level 5, -27/50 HPs)
             Began as a Troll Berserker on Nov 14, 2016.
             Was a Priest of Trog.
             Killed from afar by a dream sheep (54 damage)
             ... with an exploding inner flame
             ... on level 3 of the Dungeon.
             The game lasted 00:05:08 (1507 turns).

PrincessPwny the Chopper (Troll Berserker)          Turns: 1507, Time: 00:05:08

Health: -27/50     AC:  6    Str: 26    XL:     5   Next: 24%
Magic:  4/4        EV: 10    Int:  3    God:    Trog [***...]
Gold:   108        SH:  0    Dex:  9    Spells: 0 memorised, 4 levels left

rFire  . . .     SeeInvis .     l - +0 war axe
rCold  . . .     Gourm    +     b - +1 animal skin
rNeg   . . .     Faith    .     (no shield)
rPois  +         Spirit   .     (helmet restricted)
rElec  .         Reflect  .     (no cloak)
rCorr  .         Harm     .     (gloves unavailable)
MR     .....                    (boots unavailable)
Stlth  +.........               (no amulet)
                                (no ring)
                                m - ring of poison resistance

@: no status effects
A: unfitting armour, claws 3, fast metabolism 3, gourmand, regeneration 1,
shaggy fur 1, tough skin 2
a: Berserk, Trog's Hand, Burn Spellbooks, Renounce Religion


You were on level 3 of the Dungeon.
You worshipped Trog.
Trog was most pleased with you.
You were very full.

You visited 1 branch of the dungeon, and saw 3 of its levels.

You collected 108 gold pieces.

Inventory:

Hand Weapons
 a - a +0 hand axe
 l - a +0 war axe (weapon)
Armour
 b - a +1 animal skin (worn)
Jewellery
 m - a ring of poison resistance (left claw)
Scrolls
 g - 2 scrolls of enchant armour
 i - 3 scrolls of recharging
 n - a scroll of identify {@r1}
 o - a scroll of remove curse {@r2}
Potions
 d - 2 potions of cancellation
 e - a potion of haste
 f - 5 potions of curing {unknown}
 j - 3 potions of cure mutation
 p - a potion of brilliance
 q - a potion of magic {unknown}
Comestibles
 c - 4 bread rations
 h - 9 chunks of flesh
 k - 2 meat rations


   Skills:
 - Level 2.4 Fighting
 + Level 5.0 Axes
 - Level 2.4 Dodging


You had 4 spell levels left.
You didn't know any spells.

Dungeon Overview and Level Annotations

Branches:
Dungeon (3/15)

Altars:
Trog
Xom


Innate Abilities, Weirdness & Mutations

You are too large for most types of armour.
You have claws for hands.
Your metabolism is lightning-fast.
You like to eat raw meat.
Your natural rate of healing is unusually fast.
You are covered in fur. (AC +1)
You have very tough skin. (AC +2)


Message History

A dream sheep catches fire!
The dream sheep bleats in terror.
You hear mad divine giggling.
Found a shimmering altar of Xom.
The dream sheep burns! x5
The dream sheep bleats! x3
You hit the dream sheep but do no damage.
Your attack snaps the dream sheep out of its fear.
The dream sheep is lightly wounded.
The dream sheep burns! x10
The dream sheep shake their wool and sparkle.
You feel drowsy...
You fall asleep.
The dream sheep burns! x5; The dream sheep bites you!!
You wake up.
You hit the dream sheep.
The dream sheep is almost dead.
The dream sheep burns!
The dream sheep explodes!
The fiery explosion engulfs you!
Ouch! That really hurt!
You die...

#############
#...........#
#...........#
.####....§@§....#
..........§§....#
(#####...§_§....#
#........Y.#
#..........#### ######
.#.######....Y.YY......
.....#
...................##
#.##.#
.#.#.####.##.#..#####
#.##.# #.....#......#
#.##.#


You could see 4 dream sheep.

Vanquished Creatures
  An orc priest (D:3)
  Jessica (D:2)
  An orc wizard (D:3)
  An ooze (D:2)
  A worm (D:2)
  2 dart slugs (D:1)
  A leopard gecko (D:2)
  3 orcs (D:3)
  6 bats
  3 giant cockroaches
  5 hobgoblins
  14 jackals
  9 kobolds
  2 quokkas (D:2)
  2 ball pythons (D:2)
  4 frilled lizards
  7 goblins
  2 rats
65 creatures vanquished.

Notes
Turn   | Place    | Note
-------+----------+-------------------------------------------
     0 | D:1      | PrincessPwny the Troll Berserker began the quest for the Orb.
     0 | D:1      | Reached XP level 1. HP: 22/22 MP: 0/0
   176 | D:1      | Reached XP level 2. HP: 27/29 MP: 1/1
   232 | D:1      | Reached skill level 3 in Axes
   721 | D:2      | Reached ** piety under Trog
   721 | D:2      | Reached XP level 3. HP: 36/36 MP: 2/2
   817 | D:2      | Noticed Jessica
   822 | D:2      | Killed Jessica
   822 | D:2      | Reached skill level 4 in Axes
   825 | D:2      | Reached XP level 4. HP: 41/44 MP: 3/3
  1218 | D:2      | Found a bloodstained altar of Trog.
  1359 | D:3      | Reached *** piety under Trog
  1359 | D:3      | Reached XP level 5. HP: 34/50 MP: 4/4
  1392 | D:3      | Reached skill level 5 in Axes
  1503 | D:3      | Noticed a dream sheep
  1503 | D:3      | Noticed a dream sheep
  1503 | D:3      | Noticed a dream sheep
  1503 | D:3      | Noticed a dream sheep
  1503 | D:3      | Noticed a dream sheep
  1503 | D:3      | Found a shimmering altar of Xom.
  1507 | D:3      | Killed a dream sheep
  1507 | D:3      | Killed from afar by a dream sheep

Skill      XL: |  1  2  3  4  5 |
---------------+----------------+-----
Axes           | 3 4 5 |  5.0
Fighting       | |  2.4
Dodging        | |  2.4

Action                   |  1- 3 |  4- 6 || total
-------------------------+-------+-------++-------
Melee: Hand axe          |   120 |   126 ||   246
       War axe           |       |     2 ||     2
Invok: Burn Spellbooks   |       |     1 ||     1
  Use: Scroll            |     4 |     6 ||    10
 Stab: Sleeping          |     1 |       ||     1
  Eat: Chunk             |     7 |    12 ||    19
Armor: Animal skin       |    75 |    41 ||   116
Dodge: Dodged            |    92 |    60 ||   152
